 Dungeon Crawl Stone Soup version 0.22.0-27-ga576289601 (webtiles) character file.

2734014 Jorund the Conqueror (level 27, 180/248 (249) HPs)
             Began as a Formicid Fighter on Aug 22, 2018.
             Was a High Priest of Jiyva.
             Escaped with the Orb
             ... and 4 runes on Aug 23, 2018!
             The game lasted 03:09:17 (55484 turns).

Jorund the Conqueror (Formicid Fighter)            Turns: 55484, Time: 03:09:17

HP:   180/248 (249) AC: 41    Str: 33    XL:     27
MP:   42/42         EV: 27    Int:  9    God:    Jiyva [*****.]
Gold: 4678          SH: 30    Dex: 22    Spells: 26/26 levels left

rFire    . . .     SeeInvis +   o - +8 battleaxe of Valour {drain, MR+}
rCold    + + +     Gourm    .   P - +0 large shield
rNeg     + . .     Faith    .   Y - +8 plate armour of the Lich-sworn {MR+ Int+4}
rPois    +         Spirit   .   (helmet unavailable)
rElec    +         Reflect  +   b - +2 cloak
rCorr    +         Harm     .   I - +1 pair of gloves
MR       +++++                  E - +0 pair of boots "Iranel" {+Fly MR+ Dex+4 Slay+5}
Stlth    ..........             V - +5 amulet of reflection
HPRegen  0.51/turn              X - ring of Trepidation {*Contam rElec rPois rC++ MP+9}
MPRegen  0.28/turn              h - ring "Jynweu Yqys" {*Drain +Inv rC+ rN+ EV+5}

@: no status effects
A: permanent stasis, dig shafts and tunnels, four strong arms, antennae 3, claws
1, fangs 1, repulsion field 1, yellow scales 1, agile 1, clever 1, magic
resistance 1, eyeballs 1, gelatinous body 2, translucent skin 2, tendrils, jelly
absorbing missiles
0: Orb of Zot
}: 4/15 runes: barnacled, slimy, silver, gossamer
a: Dig, Shaft Self, Request Jelly, Slimify, Cure Bad Mutation, Renounce
Religion, Evoke Invisibility, Evoke Flight


You escaped.
You worshipped Jiyva.
Jiyva was extremely pleased with you.
You were completely stuffed.

You visited 11 branches of the dungeon, and saw 57 of its levels.
You visited the Abyss 1 time.
You visited 2 bazaars.
You also visited: Trove, Volcano and Desolation.

You collected 7042 gold pieces.
You spent 2364 gold pieces at shops.

Inventory:

Hand Weapons
 o - the +8 battleaxe of Valour (weapon) {drain, MR+}
   (You took it off a skeletal warrior on level 3 of the Crypt)

   A truly terrible weapon, it drains the life of those it strikes.
   It affects your resistance to hostile enchantments.
Missiles
 m - 9 throwing nets (quivered)
 t - 38 poisoned javelins
 L - 16 javelins of penetration
Armour
 b - a +2 cloak (worn)
 E - the +0 pair of boots "Iranel" (worn) {+Fly MR+ Dex+4 Slay+5}
   (You found it on level 4 of the Vaults)

   It affects your dexterity (+4).
   It affects your accuracy and damage with ranged weapons and melee attacks
   (+5).
   It affects your resistance to hostile enchantments.
   It lets you fly.
 I - a +1 pair of gloves (worn)
 P - a +0 large shield (worn)
 Y - the +8 plate armour of the Lich-sworn (worn) {MR+ Int+4}
   (You found it on level 15 of the Dungeon)

   It affects your intelligence (+4).
   It affects your resistance to hostile enchantments.
Jewellery
 h - the ring "Jynweu Yqys" (right hand) {*Drain +Inv rC+ rN+ EV+5}
   (You took it off a deep elf mage on level 3 of the Elven Halls)

   [ring of evasion]

   It affects your evasion (+5).
   It protects you from cold.
   It protects you from negative energy.
   It lets you turn invisible.
   It causes draining when unequipped.
 s - the ring "Reff" {rElec rPois Str-2 Int+4 Dex+7}
   (You took it off a deep elf master archer on level 3 of the Elven Halls)

   [ring of intelligence]

   It affects your strength (-2).
   It affects your intelligence (+4).
   It affects your dexterity (+7).
   It insulates you from electricity.
   It protects you from poison.
 u - a +5 ring of slaying
 N - an uncursed ring of protection from fire
 V - a +5 amulet of reflection (around neck)
 X - the ring of Trepidation (left hand) {*Contam rElec rPois rC++ MP+9}
   (You found it on level 3 of the Depths)

   [ring of magical power]

   It greatly protects you from cold.
   It insulates you from electricity.
   It protects you from poison.
   It affects your magic capacity (+9).
   It causes magical contamination when unequipped.
Wands
 d - a wand of scattershot (1)
 q - a wand of digging (59)
 A - a wand of paralysis (64)
 D - a wand of iceblast (28)
 K - a wand of acid (28)
Scrolls
 j - 16 scrolls of remove curse
 r - 2 scrolls of magic mapping
 v - 2 scrolls of fog
 x - a scroll of holy word
 y - 5 scrolls of fear
 G - 4 scrolls of enchant weapon
 J - 7 scrolls of identify
 M - 3 scrolls of silence
 Q - a scroll of brand weapon
 S - 9 scrolls of amnesia
Potions
 e - 6 potions of brilliance
 g - 9 potions of cancellation
 i - a potion of invisibility
 z - 9 potions of flight
 B - 5 potions of magic
 F - 2 potions of agility
 T - 6 potions of mutation
 U - 4 potions of ambrosia
Miscellaneous
 a - a lamp of fire (inert)
 R - a phial of floods
 Z - a fan of gales
Comestibles
 f - 73 rations


   Skills:
 O Level 27 Fighting
 - Level 26.3 Axes
 + Level 23.6 Armour
 - Level 10.9 Dodging
 - Level 18.6 Shields
 * Level 14.4 Evocations


You had 26 spell levels left.
You didn't know any spells.
Your spell library contained the following spells:

 Spells                   Type           Power        Failure   Level  Hunger
 Animate Skeleton         Necr           N/A          77%         1    ##.....
 Apportation              Tloc           #.....       77%         1    ##.....
 Confusing Touch          Hex            #.....       77%         1    ##.....
 Corona                   Hex            #......      77%         1    ##.....
 Flame Tongue             Conj/Fire      #....        77%         1    ##.....
 Magic Dart               Conj           #...         77%         1    ##.....
 Pain                     Necr           #...         77%         1    ##.....
 Shock                    Conj/Air       #...         77%         1    ##.....
 Sting                    Conj/Pois      #...         77%         1    ##.....
 Summon Butterflies       Summ           #.......     77%         1    ##.....
 Summon Small Mammal      Summ           #...         77%         1    ##.....
 Call Imp                 Summ           #.......     88%         2    ###....
 Corpse Rot               Necr           N/A          88%         2    ###....
 Poisonous Vapours        Pois/Air       #.....       88%         2    ###....
 Searing Ray              Conj           #.....       88%         2    ###....
 Shroud of Golubria       Chrm/Tloc      #.........   88%         2    ###....
 Slow                     Hex            #.......     88%         2    ###....
 Confuse                  Hex            #.......     98%         3    ####...
 Conjure Flame            Conj/Fire      #.......     98%         3    ####...
 Dazzling Spray           Conj/Hex       #.....       98%         3    ####...
 Gell's Gravitas          Tloc           #.........   98%         3    ####...
 Ignite Poison            Fire/Tmut/Pois #.......     98%         3    ####...
 Inner Flame              Hex/Fire       #.......     98%         3    ####...
 Lesser Beckoning         Tloc           #.........   98%         3    ####...
 Mephitic Cloud           Conj/Pois/Air  #.......     98%         3    ####...
 Ozocubu's Armour         Chrm/Ice       #.......     98%         3    ####...
 Portal Projectile        Hex/Tloc       #.....       98%         3    ####...
 Recall                   Summ/Tloc      N/A          98%         3    ####...
 Regeneration             Chrm/Necr      #.........   98%         3    ####...
 Static Discharge         Conj/Air       #.......     98%         3    ####...
 Stone Arrow              Conj/Erth      #.....       98%         3    ####...
 Teleport Other           Tloc           #.......     98%         3    ####...
 Tukima's Dance           Hex            #.......     98%         3    ####...
 Vampiric Draining        Necr           #.........   98%         3    ####...
 Animate Dead             Necr           N/A          100%        4    #####..
 Cause Fear               Hex            #.........   100%        4    #####..
 Force Lance              Conj/Tloc      #.......     100%        4    #####..
 Fulminant Prism          Conj/Hex       #.........   100%        4    #####..
 Iskenderun's Mystic Bla  Conj           #.......     100%        4    #####..
 Leda's Liquefaction      Hex/Erth       #.........   100%        4    #####..
 Olgreb's Toxic Radiance  Pois           #.......     100%        4    #####..
 Petrify                  Tmut/Erth      #.......     100%        4    #####..
 Agony                    Necr           #.......     100%        5    ######.
 Alistair's Intoxication  Tmut/Pois      #.......     100%        5    ######.
 Aura of Abjuration       Summ           #.........   100%        5    ######.
 Bolt of Draining         Conj/Necr      #.........   100%        5    ######.
 Bolt of Magma            Conj/Fire/Erth #.........   100%        5    ######.
 Fireball                 Conj/Fire      #.........   100%        5    ######.
 Irradiate                Conj/Tmut      #.........   100%        5    ######.
 Lightning Bolt           Conj/Air       #.........   100%        5    ######.
 Metabolic Englaciation   Hex/Ice        #.........   100%        5    ######.
 Summon Demon             Summ           #.........   100%        5    ######.
 Summon Forest            Summ/Tloc      #.........   100%        5    ######.
 Summon Mana Viper        Hex/Summ       #.......     100%        5    ######.
 Yara's Violent Unravell  Hex/Tmut       #.........   100%        5    ######.
 Bolt of Fire             Conj/Fire      #.........   100%        6    #######
 Conjure Ball Lightning   Conj/Air       #.........   100%        6    #######
 Death Channel            Necr           #.........   100%        6    #######
 Deflect Missiles         Chrm/Air       #.........   100%        6    #######
 Hydra Form               Tmut           #.........   100%        6    #######
 Invisibility             Hex            #.......     100%        6    #######
 Shadow Creatures         Summ           N/A          100%        6    #######
 Statue Form              Tmut/Erth      #........    100%        6    #######
 Dragon Form              Tmut           #.........   100%        7    #######
 Ring of Flames           Chrm/Fire      #.........   100%        7    #######
 Ignition                 Fire           #.........   100%        8    #######
 Shatter                  Erth           #.........   100%        9    #######
 Blink                    Tloc           Unusable     N/A         2    N/A
 Passage of Golubria      Tloc           Unusable     N/A         4    N/A

Dungeon Overview and Level Annotations

Branches:
Dungeon (15/15)            Temple (0/1) D:5            Lair (6/6) D:9
 Shoals (4/4) Lair:4       Spider (4/4) Lair:2        Slime (5/5) Lair:5
    Orc (2/2) D:9             Elf (3/3) Orc:2        Vaults (5/5) D:13
  Crypt (3/3) Vaults:2       Tomb (0/3) Crypt:3      Depths (5/5) D:15
    Zot (5/5) Depths:5

Altars:
Ashenzari
Dithmenos
Elyvilon
Fedhas
Kikubaaqudgha
Makhleb
Nemelex Xobeh
Okawaru
Qazlal
Sif Muna
Trog
Uskayaw
Vehumet
Wu Jian
Yredelemnul
The Shining One
Beogh
Jiyva

Shops:
D:8 *   D:9 =(:(*   D:10 =   Orc:1 *   Orc:2 :(:=   Shoals:3 =%[   Vaults:3 *
Vaults:4 %   Depths:5 =

Portals:
Hell: Depths:1 Depths:2 Depths:3 Depths:4 Depths:5
Abyss: Depths:2 Depths:4 Depths:5
Pandemonium: Depths:1 Depths:3 Depths:4
Ziggurat: Depths:3

Annotations:
D:9 2 transporters
D:14 exclusion: Roxanne, Roxanne
D:15 3 runed doors
Lair:1 exclusion: 3 oklob plants
Lair:3 Kirke
Slime:5 Royal Jelly
Elf:2 3 runed doors
Crypt:1 1 runed door, Jorund's ghost, veteran FoFi
Zot:2 2 runed doors, Plog's ghost, veteran DDFi


Innate Abilities, Weirdness & Mutations

You cannot be hasted, slowed, berserked, paralysed or teleported.
You can dig through walls and to a lower floor.
Your four strong arms can wield two-handed weapons with a shield.
You have a pair of large antennae on your head. (SInv)
You have sharp fingernails.
You have very sharp teeth.
You are surrounded by a mild repulsion field. (EV +2)
You are partially covered in yellow scales. (AC +2)
You are agile. (Dex +2)
Your mind is acute. (Int +2)
You are resistant to hostile enchantments. (MR+)
Your body has grown golden eyes which may confuse attackers. (Acc +3)
Your pliable body absorbs attacks. (AC +2, EV +2)
Your translucent skin reduces your foes' accuracy. (Stealth)
You are covered in slimy tendrils that may disarm your opponents.
You have a small jelly attached to you that may absorb incoming projectiles.


Message History

There is an open door here.
Jiyva says: Divide and consume!
There is an open door here.
There is a stone staircase leading up here.
You climb upwards.
There is a stone staircase leading down here.
There is a stone staircase leading up here.
You climb upwards.
There is a stone staircase leading down here.
An infernal demonspawn comes into view.
It is wielding a demon trident of freezing.
The infernal demonspawn moves out of view.
Evoke which item? (* to show all) (? for menu, Esc to quit)
Aiming: Dig
Press: ? - help, Shift-Dir - straight line A rock wall.
This square is covered in magical glow.
The rock shatters into small pieces.
There is an open door here.
There is a staircase leading out of the dungeon here.
You have escaped!

####....................
#######..########...######....
#........########...######....
#######...........⌠.##..##....
#.............##..##....
#.##########..##..##.... #######
#.# ########.^.'..###.##
#.....####.###.....##..##..##..#
............##..@..'...##..#...#
........##..##.....##..##..##{.#
............#########..######..#
........##..#########.{######..#
........###....................##
.....)..# ##..##....##.....{...#.
.......#####.###.#####...........
#...>.####...##..# #..........#
.......††(...#..## #..........#


There were no monsters in sight!

Vanquished Creatures
  A pandemonium lord (D:12)
  4 orbs of fire
  A juggernaut (Depths:5)
  3 ancient liches (Zot:5)
  Bai Suzhen (Crypt:1)
  4 Killer Klowns (Zot:5)
  3 curse toes (Zot:5)
  2 caustic shrikes (Depths:2)
  9 golden dragons
  3 profane servitors
  2 bone dragons
  2 electric golems (Zot:5)
  2 Tzitzimimeh (Depths:4)
  4 liches
  Rupert (D:12)
  A Hell Sentinel (Abyss:2)
  12 tentacled monstrosities
  25 Orb Guardians (Zot:5)
  A shard shrike skeleton (Crypt:2)
  3 titans
  Asterion (Depths:1)
  2 deep elf blademasters (Elf:3)
  2 ancient champions
  4 quicksilver dragons
  A deep elf master archer (Elf:3)
  2 tengu reavers
  13 storm dragons
  Donald (Orc:2)
  8 sphinxes
  3 death cobs
  7 shadow dragons
  11 frost giants
  8 draconian monks
  Ilsuiw (Shoals:3)
  7 fire giants
  A cacodemon (Depths:3)
  2 iron dragons
  4 draconian knights
  3 draconian scorchers
  4 ghost moths
  4 deep elf sorcerers
  3 orc warlords
  2 curse skulls (Crypt:3)
  4 imperial myrmidons (Desolation)
  Aizul (Crypt:1)
  A juggernaut zombie (Depths:4)
  14 vault wardens
  6 draconian stormcallers
  4 emperor scorpions
  9 deep elf elementalists
  13 ghouls
  4 draconian shifters
  18 stone giants
  3 war gargoyles (Vaults:5)
  19 ironheart preservers
  A spriggan defender (Depths:5)
  A draconian annihilator (Zot:1)
  16 very ugly things
  5 entropy weavers
  9 deep elf demonologists
  5 deep elf annihilators
  8 green draconians
  5 white draconians
  A minotaur (Shoals:1)
  4 black draconians
  3 vampire knights
  4 purple draconians
  A spark wasp (shapeshifter) (Depths:2)
  2 halazid warlocks (Desolation)
  8 yellow draconians
  8 red draconians
  23 ettins
  10 deep elf death magi
  A crystal guardian (Desolation)
  13 spark wasps
  Josephine (D:14)
  7 eidola
  A green death (Abyss:2)
  5 merfolk javelineers
  3 jiangshi
  6 servants of whispers (Desolation)
  17 fire dragons
  A mummy priest (Crypt:3)
  18 ogre magi
  13 merfolk impalers
  10 deep elf high priests
  33 vault guards
  15 yaktaur captains
  6 ragged hierophants (Desolation)
  5 peacekeepers (Desolation)
  Erolcha (D:13)
  6 hydras
  10 rakshasas
  9 ice dragons
  An alligator snapping turtle (Shoals:2)
  A hell beast (Depths:5)
  An anaconda (shapeshifter) (Depths:2)
  3 centaur warriors
  5 merfolk avatars
  4 satyrs
  4 spriggan air magi
  52 two-headed ogres
  7 merfolk aquamancers
  12 dancing weapons
  4 death knights
  6 vampire magi
  10 tengu warriors
  11 deep troll shamans
  4 deep troll earth magi
  5 spriggan berserkers
  A titan zombie (Crypt:3)
  4 orc high priests (Orc:2)
  A soul eater (Crypt:1)
  21 deep elf knights
  A sun demon (Depths:2)
  13 hell knights
  An iron troll (Depths:5)
  6 spriggans (Depths:5)
  A fire crab (shapeshifter) (Depths:1)
  2 sea snakes (shapeshifter)
  4 flayed ghosts
  A death drake (shapeshifter) (Depths:3)
  A ghost moth zombie (Crypt:3)
  30 skeletal warriors
  34 deep trolls
  2 wizards (Vaults:3)
  12 sea snakes
  13 deep elf archers
  A gelid demonspawn (Depths:3)
  A golden dragon zombie (Crypt:3)
  3 unseen horrors
  2 lindwurms (Volcano)
  20 ironbrand convokers
  A shadow dragon zombie (Depths:4)
  Pikel (D:5)
  10 necromancers
  21 phantasmal warriors
  A harpy (shapeshifter) (Vaults:4)
  An obsidian statue (D:15)
  A golden dragon skeleton (Crypt:2)
  14 orb spiders
  8 large abominations
  An orb spider (shapeshifter) (Depths:3)
  21 harpies
  29 ugly things
  15 orc knights
  55 deep elf magi
  An orange crystal statue (Depths:2)
  2 stone giant zombies (Crypt:3)
  6 orc sorcerers
  2 fire giant zombies
  15 manticores
  10 fauns
  31 wolf spiders
  8 merfolk sirens
  A worldbinder (Abyss:2)
  A frost giant zombie (Depths:2)
  A toenail golem (Volcano)
  3 guardian serpents (Desolation)
  29 moths of wrath
  13 cyclopes
  2 frost giant skeletons
  A rust devil (Depths:5)
  Maurice (D:8)
  13 elephants
  12 water nymphs
  A fire giant skeleton (Crypt:2)
  13 vault sentinels
  An elephant (shapeshifter) (Depths:1)
  2 dire elephant zombies (Crypt:3)
  A guardian serpent (shapeshifter) (Elf:1)
  A titan simulacrum (Depths:5)
  3 black mambas
  Psyche (D:8)
  3 gargoyles
  3 molten gargoyles (Volcano)
  A torpor snail (Lair:5)
  16 spiny frogs
  11 komodo dragons
  A hellion (D:12)
  2 yaktaur zombies
  A rime drake (shapeshifter) (Vaults:3)
  4 rime drakes
  14 freezing wraiths
  35 yaktaurs
  2 komodo dragons (shapeshifter)
  7 demonic crawlers
  A red draconian zombie (Crypt:1)
  A kobold demonologist (D:12)
  An elf skeleton (Depths:4)
  A minotaur skeleton (Crypt:1)
  3 tengu conjurers
  3 efreet
  2 hellwings
  A harpy zombie (Crypt:3)
  10 meliai
  A red devil (Depths:5)
  8 trolls
  A yaktaur skeleton (Vaults:5)
  45 merfolk
  29 jumping spiders
  A guardian mummy (Crypt:3)
  7 polar bears
  44 saltlings (Desolation)
  2 hydra zombies (Crypt:1)
  A jumping spider zombie (Crypt:1)
  Grinder (D:5)
  A meliai zombie (D:13)
  A shadow dragon simulacrum (Depths:2)
  22 hornets
  A raiju (shapeshifter) (Depths:1)
  A slime creature (D:12)
  5 wind drakes
  2 ettin zombies
  2 bog bodies (Crypt:1)
  9 dream sheep
  A stone giant simulacrum (Crypt:2)
  17 hippogriffs
  6 snapping turtles
  A black mamba zombie (Crypt:3)
  8 blink frogs (Lair:5)
  A human simulacrum (Vaults:2)
  34 tarantellas
  5 flying skulls (Crypt:1)
  A frost giant simulacrum (Vaults:2)
  16 wraiths
  A shadow (D:12)
  3 air elementals
  6 fire elementals
  Sigmund (D:5)
  71 redbacks
  23 water elementals
  A human (shapeshifter) (Vaults:1)
  An ettin skeleton (Vaults:5)
  2 fire dragon skeletons
  4 wyverns
  2 ynoxinuls
  29 yaks
  A human (D:7)
  A basilisk (Lair:6)
  Eustachio (D:6)
  7 hogs
  3 hungry ghosts
  A hog (shapeshifter) (Vaults:2)
  An elf zombie (Depths:2)
  3 chaos spawn (Depths:4)
  2 neqoxecs
  4 vampire mosquitoes (D:13)
  3 acid dragons
  12 wargs
  An insubstantial wisp (Abyss:2)
  18 water moccasins
  2 soldier ants
  A soldier ant (shapeshifter) (Vaults:3)
  A floating eye (shapeshifter) (Vaults:4)
  13 porcupines
  3 black bears
  A snapping turtle zombie (Crypt:3)
  64 orc warriors
  A merfolk skeleton (Crypt:1)
  An ice beast (D:13)
  A black bear (shapeshifter) (Vaults:3)
  15 necrophages
  2 slaves (D:5)
  2 hornet zombies
  A spriggan simulacrum (Depths:2)
  6 sky beasts
  A tengu (shapeshifter) (Depths:2)
  3 phantoms
  42 ogres
  5 boggarts (Depths:3)
  3 human skeletons
  21 wolves
  19 small abominations
  12 centaurs
  21 crocodiles
  3 big kobolds
  Blork the orc (D:5)
  17 bullfrogs
  4 earth elementals
  A tengu zombie (Depths:2)
  13 wyvern skeletons
  8 scorpions
  A spriggan zombie (Crypt:3)
  A queen bee zombie (Crypt:2)
  8 wights
  An elf simulacrum (Vaults:2)
  A howler monkey (D:8)
  An orc simulacrum (Vaults:2)
  4 electric eels
  A polar bear skeleton (Crypt:2)
  8 crimson imps
  3 bullfrog zombies
  2 quasits
  10 centaur zombies
  3 hounds
  33 orc priests
  2 bullfrog skeletons
  5 jellies
  24 orc wizards
  5 centaur skeletons
  An iron imp (Depths:3)
  A gnoll shaman (D:5)
  2 iguanas
  7 worker ants
  A hound zombie (D:8)
  A tengu skeleton (Crypt:1)
  2 mummies (Crypt:3)
  A howler monkey zombie (D:8)
  10 gnolls
  A howler monkey skeleton (D:4)
  7 adders
  5 shadow imps
  3 white imps
  2 ufetubi
  2 oozes
  An adder skeleton (D:5)
  A worm (D:2)
  3 dart slugs (D:1)
  5 leopard geckos
  122 orcs
  7 bats
  7 giant cockroaches
  9 hobgoblins
  5 jackals
  4 quokkas
  10 frilled lizards
  5 goblins
  A jackal skeleton (Crypt:1)
  14 kobolds
  A kobold zombie (Crypt:3)
  A quokka zombie (Crypt:1)
  6 rats
  A butterfly (Lair:1)
  3 crawling corpses
  7 fungi
  10 plants
  7 withered plants (Crypt:3)
2504 creatures vanquished.

Vanquished Creatures (collateral kills)
  Frances (D:14)
  A death knight (D:12)
2 creatures vanquished.

Vanquished Creatures (others)
  Nikola (Elf:3)
  A deep elf master archer (Elf:3)
  An acid blob (Slime:5)
  A frost giant (Vaults:3)
  3 great orbs of eyes
  An emperor scorpion (Spider:4)
  2 stone giants
  A merfolk impaler (Shoals:3)
  6 yaktaur captains
  A vault guard (Vaults:3)
  A merfolk avatar (Shoals:4)
  A satyr (Shoals:2)
  A dancing weapon (Elf:2)
  A two-headed ogre (Vaults:1)
  A deep troll earth mage (Depths:2)
  A deep elf knight (Vaults:4)
  2 deep elf archers (Vaults:3)
  A wizard (Vaults:3)
  An orc knight (Vaults:2)
  A wolf spider zombie (D:14)
  A shining eye (Slime:5)
  5 deep elf magi
  An ugly thing (Vaults:4)
  2 fauns (Shoals:3)
  2 merfolk sirens (Shoals:3)
  A moth of wrath (Zot:5)
  A vault sentinel (Vaults:2)
  10 yaktaurs
  A queen bee (shapeshifter) (Vaults:2)
  A tengu conjurer (Depths:2)
  24 slime creatures
  2 dream sheep (Lair:6)
  A flying skull (Crypt:1)
  A yak (D:13)
  A shadow (Crypt:1)
  A wyvern (D:15)
  3 water elementals
  A golden eye (Slime:5)
  A fire bat (shapeshifter) (Vaults:5)
  A water moccasin (Lair:6)
  384 jellies
  An orc warrior (Orc:2)
  An eye of draining (Slime:5)
  2 ogres
  4 centaurs
  An eye of draining (shapeshifter) (Vaults:1)
  3 boggarts (D:14)
  3 crimson imps
  2 quasits (Depths:3)
  An iron imp (Depths:3)
  An orc wizard (Orc:1)
  6 orc priests (Orc:2)
  A demonspawn skeleton (Crypt:1)
  A worker ant (D:14)
  A howler monkey skeleton (Crypt:2)
  A shadow imp (Depths:4)
  20 orcs
  A crawling corpse (Vaults:5)
  A fire vortex (Volcano)
  19 fungi
  4 pillars of salt (Elf:2)
  24 plants
  A withered plant (Crypt:3)
573 creatures vanquished.

Grand Total: 3079 creatures vanquished

Notes
Turn   | Place    | Note
-------+----------+-------------------------------------------
     0 | D:1      | Jorund the Formicid Fighter began the quest for the Orb.
     0 | D:1      | Reached XP level 1. HP: 18/18 MP: 1/1
    27 | D:1      | Reached XP level 2. HP: 18/24 MP: 2/2
   227 | D:1      | Reached XP level 3. HP: 29/29 MP: 3/3
   726 | D:2      | Reached XP level 4. HP: 37/37 MP: 4/4
  1121 | D:2      | Found a stormy altar of Qazlal.
  1419 | D:3      | Reached XP level 5. HP: 25/42 MP: 5/5
  1420 | D:3      | Reached skill level 4 in Fighting
  1488 | D:3      | Found a deep blue altar of Sif Muna.
  1496 | D:3      | Reached XP level 6. HP: 40/48 MP: 6/6
  1613 | D:3      | Found an iron altar of Okawaru.
  2058 | D:3      | Reached skill level 5 in Axes
  2405 | D:4      | Found a white marble altar of Elyvilon.
  2807 | D:4      | Found a blossoming altar of Fedhas.
  2907 | D:5      | Entered Level 5 of the Dungeon
  2963 | D:5      | Reached XP level 7. HP: 55/55 MP: 7/7
  3000 | D:5      | Found a staircase to the Ecumenical Temple.
  3231 | D:5      | Noticed Sigmund
  3238 | D:5      | Killed Sigmund
  3315 | D:5      | Noticed Grinder
  3335 | D:5      | Reached skill level 5 in Armour
  3335 | D:5      | Reached XP level 8. HP: 33/61 MP: 8/8
  3350 | D:5      | Killed Grinder
  3608 | D:5      | Noticed Blork the orc
  3638 | D:5      | Killed Blork the orc
  3726 | D:5      | Reached skill level 5 in Fighting
  3910 | D:5      | Noticed Pikel
  3921 | D:5      | Killed Pikel
  3921 | D:5      | Reached XP level 9. HP: 68/68 MP: 9/9
  4409 | D:6      | Found a radiant altar of Vehumet.
  4434 | D:6      | Reached skill level 10 in Axes
  4783 | D:6      | Found a shattered altar of Ashenzari.
  4783 | D:6      | Noticed Eustachio
  4813 | D:6      | Killed Eustachio
  5076 | D:6      | Found a glowing golden altar of the Shining One.
  5173 | D:7      | Reached XP level 10. HP: 48/76 MP: 10/10
  5179 | D:7      | Reached skill level 6 in Fighting
  5453 | D:7      | Found a shadowy altar of Dithmenos.
  5993 | D:7      | Found a bloodstained altar of Trog.
  6170 | D:7      | Gained mutation: Your magical capacity is low. (-10% MP) [potion of mutation]
  6170 | D:7      | Gained mutation: Your magical capacity is very low. (-20% MP) [potion of mutation]
  6170 | D:7      | Gained mutation: You are agile. (Dex +2) [potion of mutation]
  6171 | D:7      | Lost mutation: You are agile. (Dex +2) [potion of mutation]
  6171 | D:7      | Lost mutation: Your magical capacity is very low. (-20% MP) [potion of mutation]
  6171 | D:7      | Gained mutation: You possess an exceptional clarity of mind. [potion of mutation]
  6171 | D:7      | Gained mutation: You are partially covered in yellow scales. (AC +2) [potion of mutation]
  6171 | D:7      | Gained mutation: You are partially covered in large bone plates. (SH +4) [potion of mutation]
  6209 | D:8      | Found an ornate altar of the Wu Jian Council.
  6233 | D:8      | Noticed Maurice
  6264 | D:8      | Killed Maurice
  6264 | D:8      | Noticed Psyche
  6277 | D:8      | Killed Psyche
  6589 | D:8      | Found Ruecoich's Assorted Antiques.
  6593 | D:8      | Bought a scroll labeled SOMMUJ NAIB for 28 gold pieces
  6593 | D:8      | Bought a scroll labeled ODGHI IKKIPLA for 28 gold pieces
  6593 | D:8      | Bought a scroll labeled OKHLON QEITTAOC for 28 gold pieces
  6877 | D:9      | Found a transporter.
  6915 | D:9      | Noticed a centaur warrior
  6916 | D:9      | Found Liraafud's Weapon Shoppe.
  6916 | D:9      | Noticed a stone giant
  6916 | D:9      | Noticed a purple ugly thing
  6988 | D:9      | Found a hide-covered altar of Uskayaw.
  6992 | D:9      | Found a transporter.
  7025 | D:9      | Reached XP level 11. HP: 58/83 MP: 9/9
  7030 | D:9      | Reached skill level 7 in Fighting
  7066 | D:9      | Found Tuiqu's Book Shop.
  7068 | D:9      | Found Hiux's Antique Weapon Boutique.
  7308 | D:9      | Found a staircase to the Lair.
  7335 | D:9      | Reached skill level 5 in Shields
  7415 | D:9      | Found Kuxeklyo's Assorted Antiques.
  7423 | D:9      | Bought a potion of heal wounds for 140 gold pieces
  7423 | D:9      | Bought a scroll of identify for 56 gold pieces
  7456 | D:9      | Found a staircase to the Orcish Mines.
  7511 | D:9      | Found Firioff's Jewellery Emporium.
  7521 | D:9      | Bought a cursed ring of attention for 63 gold pieces
  7879 | D:10     | Entered Level 10 of the Dungeon
  7912 | D:10     | Found Xiamuobb's Jewellery Emporium.
  7950 | D:10     | Bought a cursed amulet of inaccuracy for 34 gold pieces
  8769 | D:11     | Noticed an unseen horror
  8788 | D:11     | Killed an unseen horror
  9000 | D:11     | Noticed an unseen horror
  9014 | D:11     | Killed an unseen horror
  9014 | D:11     | Reached skill level 8 in Fighting
  9014 | D:11     | Reached XP level 12. HP: 75/92 MP: 10/10
  9151 | D:11     | Found a large runed door.
  9151 | D:11     | Found a large runed door.
  9368 | D:12     | Noticed a death knight
  9685 | Lair:1   | Entered Level 1 of the Lair of Beasts
  9786 | Lair:1   | Found a labyrinth entrance.
  9801 | Lair:1   | Reached skill level 15 in Axes
 10970 | Lair:2   | Noticed a six-headed hydra
 11065 | Lair:2   | Found a hole to the Spider Nest.
 11072 | Lair:2   | Reached skill level 9 in Fighting
 11261 | Lair:2   | Reached XP level 13. HP: 100/101 MP: 11/11
 11791 | Lair:3   | Found a dark tunnel.
 11800 | Volcano  | Entered a volcano
 13105 | Lair:3   | Reached XP level 14. HP: 109/109 MP: 11/17
 13258 | Lair:4   | Noticed Kirke
 13284 | Lair:4   | Noticed a sphinx
 13849 | Lair:4   | Reached skill level 10 in Fighting
 13927 | Lair:4   | Reached skill level 10 in Armour
 14049 | Lair:4   | Found a staircase to the Shoals.
 14913 | Lair:5   | Found a viscous altar of Jiyva.
 14913 | Lair:5   | Found a staircase to the Slime Pits.
 15145 | Lair:5   | Became a worshipper of Jiyva Jileb the Shapeless
 15200 | Lair:5   | Reached * piety under Jiyva
 15207 | Lair:6   | Entered Level 6 of the Lair of Beasts
 15284 | Lair:6   | Reached XP level 15. HP: 52/117 MP: 18/18
 15440 | Lair:6   | Reached skill level 11 in Fighting
 15626 | Lair:6   | Reached ** piety under Jiyva
 16462 | Lair:6   | Reached *** piety under Jiyva
 16592 | Orc:1    | Entered Level 1 of the Orcish Mines
 16703 | Orc:1    | Noticed an orc warlord
 16723 | Orc:1    | Gained mutation: You are mostly covered in yellow scales. (AC +3) [Jiyva's grace]
 16738 | Orc:1    | Killed an orc warlord
 16738 | Orc:1    | Reached skill level 12 in Fighting
 16754 | Orc:1    | Reached **** piety under Jiyva
 16756 | Orc:1    | Gained mutation: Your system is resistant to poisons. (rPois) [Jiyva's grace]
 16758 | Orc:1    | Reached ***** piety under Jiyva
 16761 | Orc:1    | Gained mutation: Your flesh is cold resistant. (rC+) [Jiyva's grace]
 16819 | Orc:1    | Found Tuadgh's Assorted Antiques.
 16827 | Orc:1    | Bought a potion of heal wounds for 115 gold pieces
 17000 | Orc:2    | Entered Level 2 of the Orcish Mines
 17081 | Orc:2    | Lost mutation: Your flesh is cold resistant. (rC+) [Jiyva's grace]
 17191 | Orc:2    | Reached ****** piety under Jiyva
 17191 | Orc:2    | Gained mutation: You are somewhat resistant to further mutation. [Jiyva's grace]
 17234 | Orc:2    | Gained mutation: You are covered in fur. (AC +1) [Jiyva's grace]
 17321 | Orc:2    | Lost mutation: You are mostly covered in yellow scales. (AC +3) [Jiyva's grace]
 17360 | Orc:2    | Found a staircase to the Elven Halls.
 17394 | Orc:2    | Gained mutation: You have a small jelly attached to you that may absorb incoming projectiles. [Jiyva's grace]
 17538 | Orc:2    | Gained mutation: Your mind is acute. (Int +2) [Jiyva's grace]
 17553 | Orc:2    | Lost mutation: You have a small jelly attached to you that may absorb incoming projectiles. [Jiyva's grace]
 17591 | Orc:2    | Noticed Donald
 17615 | Orc:2    | Killed Donald
 17797 | Orc:2    | Found Istitaq's Weapon Shoppe.
 17803 | Orc:2    | Gained mutation: You are frail. (-10% HP) [a neqoxec]
 17836 | Orc:2    | Noticed an orc warlord
 17859 | Orc:2    | Killed an orc warlord
 17859 | Orc:2    | Reached XP level 16. HP: 82/116 MP: 19/19
 17859 | Orc:2    | Gained mutation: Your flesh is cold resistant. (rC+) [Jiyva's grace]
 17875 | Orc:2    | Found a roughly hewn altar of Beogh.
 17883 | Orc:2    | Lost mutation: Your mind is acute. (Int +2) [Jiyva's grace]
 17901 | Orc:2    | Found Muoll's Book Emporium.
 17907 | Orc:2    | Gained mutation: You expend magic power (3 MP) to strengthen your wands. [Jiyva's grace]
 17919 | Orc:2    | Gained mutation: You are resistant to hostile enchantments. (MR+) [Jiyva's grace]
 18018 | Orc:2    | Gained mutation: You are surrounded by a mild repulsion field. (EV +2) [Jiyva's grace]
 18120 | Orc:2    | Found Xuv Adgha's Jewellery Boutique.
 18137 | Orc:2    | Bought a +5 amulet of reflection for 494 gold pieces
 18141 | Orc:2    | Found a roughly hewn altar of Beogh.
 18218 | Orc:2    | Gained mutation: Your rubbery body absorbs attacks. (AC +1, EV +1) [Jiyva's grace]
 18236 | Orc:2    | Found Gamanir's Book Shop.
 18325 | Orc:2    | Lost mutation: Your rubbery body absorbs attacks. (AC +1, EV +1) [Jiyva's grace]
 18589 | Slime:1  | Entered Level 1 of the Pits of Slime
 18589 | Slime:1  | Noticed an acid blob
 18592 | Slime:1  | Noticed an acid blob
 18610 | Slime:2  | Noticed an azure jelly
 18610 | Slime:2  | Noticed an acid blob
 18610 | Slime:2  | Noticed an acid blob
 18621 | Slime:3  | Noticed an acid blob
 18623 | Slime:4  | Noticed an azure jelly
 18635 | Slime:5  | Entered Level 5 of the Pits of Slime
 18640 | Slime:5  | Noticed an acid blob
 18642 | Slime:5  | Noticed an azure jelly
 18646 | Slime:5  | Noticed an acid blob
 18646 | Slime:5  | Noticed an azure jelly
 18646 | Slime:5  | Noticed an acid blob
 18648 | Slime:5  | Noticed an acid blob
 18648 | Slime:5  | Lost mutation: You expend magic power (3 MP) to strengthen your wands. [Jiyva's grace]
 18650 | Slime:5  | Found a viscous altar of Jiyva.
 18650 | Slime:5  | Noticed the Royal Jelly
 18651 | Slime:5  | Noticed an acid blob
 18654 | Slime:5  | Lost mutation: Your flesh is cold resistant. (rC+) [Jiyva's grace]
 18656 | Slime:5  | Got a translucent buckler
 18657 | Slime:5  | Noticed an acid blob
 18659 | Slime:5  | Gained mutation: Your rubbery body absorbs attacks. (AC +1, EV +1) [Jiyva's grace]
 18666 | Slime:5  | Got a twitching amber ring
 18670 | Slime:5  | Lost mutation: You are covered in fur. (AC +1) [Jiyva's grace]
 18679 | Slime:5  | Killed an acid blob
 18684 | Slime:5  | Got a slimy rune of Zot
 18686 | Slime:5  | Got a pitted leather armour
 18762 | Lair:5   | Identified the +2 buckler of Life {rElec rF- rCorr Int+2} (You found it on level 5 of the Pits of Slime)
 18772 | Lair:5   | Identified the ring "Zoit" {rC+ Str+5} (You found it on level 5 of the Pits of Slime)
 19211 | D:12     | Reached skill level 13 in Fighting
 19318 | D:12     | Lost mutation: Your magical capacity is low. (-10% MP) [Jiyva's grace]
 19567 | D:12     | Gained mutation: Your pliable body absorbs attacks. (AC +2, EV +2) [Jiyva's grace]
 19629 | D:12     | Noticed Rupert
 19643 | D:12     | Killed Rupert
 19789 | D:13     | Lost mutation: Your pliable body absorbs attacks. (AC +2, EV +2) [Jiyva's grace]
 19986 | D:13     | Noticed Erolcha
 19992 | D:13     | Killed Erolcha
 20137 | D:13     | Gained mutation: Your mind is acute. (Int +2) [Jiyva's grace]
 20194 | D:13     | Found a gate to the Vaults.
 20471 | D:14     | Noticed Frances
 20477 | D:14     | Killed Frances
 20563 | D:14     | Found a gateway to a bazaar.
 20581 | D:14     | Noticed Roxanne
 20585 | D:14     | Lost mutation: Your mind is acute. (Int +2) [Jiyva's grace]
 20648 | D:14     | Lost mutation: Your rubbery body absorbs attacks. (AC +1, EV +1) [Jiyva's grace]
 20703 | D:14     | Lost mutation: You are frail. (-10% HP) [Jiyva's grace]
 20764 | D:14     | Found a portal to a secret trove of treasure.
 20801 | D:14     | Noticed Josephine
 20831 | D:14     | Killed Josephine
 21048 | D:14     | Gained mutation: You have a small jelly attached to you that may absorb incoming projectiles. [Jiyva's grace]
 21323 | D:15     | Entered Level 15 of the Dungeon
 21400 | D:15     | Lost mutation: You are somewhat resistant to further mutation. [Jiyva's grace]
 21450 | D:15     | Noticed a fire giant
 21453 | D:15     | Reached XP level 17. HP: 138/138 MP: 22/22
 21467 | D:15     | Reached skill level 14 in Fighting
 21544 | D:15     | Found a staircase to the Depths.
 21593 | D:15     | Gained mutation: Your translucent skin slightly reduces your foes' accuracy. (Stealth) [Jiyva's grace]
 21671 | D:15     | Found a runed door.
 21681 | D:15     | Found a runed door.
 21702 | D:15     | Found a runed door.
 21713 | D:15     | Found a runed door.
 21798 | D:15     | Lost mutation: You are partially covered in yellow scales. (AC +2) [Jiyva's grace]
 22113 | D:15     | Gained mutation: You are frail. (-10% HP) [a neqoxec]
 22119 | D:15     | Got a distressingly furry plate armour
 22139 | D:15     | Identified the +8 plate armour of the Lich-sworn {MR+ Int+4} (You found it on level 15 of the Dungeon)
 22253 | Vaults:1 | Entered Level 1 of the Vaults
 22305 | Vaults:1 | Reached skill level 15 in Fighting
 22521 | Vaults:1 | Got an ichor-stained bardiche
 22522 | Vaults:1 | Identified the +5 bardiche of Untruth {chop, *Corrode +Fly rF+++ Str-3} (You found it on level 1 of the Vaults)
 22615 | Vaults:1 | Gained mutation: Your body has grown golden eyes which may confuse attackers. (Acc +3) [Jiyva's grace]
 22654 | Vaults:1 | Lost mutation: You are resistant to hostile enchantments. (MR+) [Jiyva's grace]
 22660 | Vaults:1 | Gained mutation: Your spells are a little harder to cast, but a little more powerful. [Jiyva's grace]
 22665 | Vaults:1 | Lost mutation: You possess an exceptional clarity of mind. [Jiyva's grace]
 22771 | Vaults:1 | Gained mutation: Armour fits poorly on your pseudopods. [Jiyva's grace]
 22821 | Vaults:1 | Reached skill level 16 in Fighting
 22844 | Vaults:1 | Gained mutation: Armour fits poorly on your large pseudopods. [Jiyva's grace]
 22939 | Vaults:1 | Reached XP level 18. HP: 74/137 MP: 23/23
 22997 | Vaults:1 | Gained mutation: You have acidic saliva. [Jiyva's grace]
 23012 | Vaults:1 | Gained mutation: You are partially covered in molten scales. (AC +2) [Jiyva's grace]
 23093 | Vaults:1 | Reached skill level 17 in Fighting
 23141 | Vaults:1 | Gained mutation: Armour fits poorly on your massive pseudopods. [Jiyva's grace]
 23214 | Vaults:1 | Lost mutation: Your system is resistant to poisons. (rPois) [Jiyva's grace]
 23243 | Vaults:1 | Lost mutation: Your spells are a little harder to cast, but a little more powerful. [Jiyva's grace]
 23250 | Vaults:1 | Lost mutation: You are surrounded by a mild repulsion field. (EV +2) [Jiyva's grace]
 23928 | Vaults:2 | Gained mutation: You have a small jelly attached to you that senses nearby items. [Jiyva's grace]
 24084 | Vaults:2 | Gained mutation: You are covered in slimy tendrils that may disarm your opponents. [Jiyva's grace]
 24109 | Vaults:2 | Reached skill level 18 in Fighting
 24453 | Vaults:2 | Found a staircase to the Crypt.
 24453 | Vaults:2 | Found an ancient bone altar of Kikubaaqudgha.
 24480 | Vaults:2 | Found a basalt altar of Yredelemnul.
 24498 | Vaults:2 | Lost mutation: You are frail. (-10% HP) [Jiyva's grace]
 24685 | Vaults:2 | Gained mutation: You expend magic power (3 MP) to strengthen your wands. [Jiyva's grace]
 24690 | Vaults:2 | Lost mutation: You are partially covered in large bone plates. (SH +4) [Jiyva's grace]
 24907 | Vaults:3 | Reached XP level 19. HP: 120/165 MP: 24/24
 24962 | Vaults:3 | Gained mutation: Your magical capacity is low. (-10% MP) [Jiyva's grace]
 24996 | Vaults:3 | Reached skill level 19 in Fighting
 25127 | Vaults:3 | Lost mutation: You expend magic power (3 MP) to strengthen your wands. [Jiyva's grace]
 25210 | Vaults:3 | Lost mutation: You have a small jelly attached to you that senses nearby items. [Jiyva's grace]
 25246 | Vaults:3 | Gained mutation: You are partially covered in iridescent scales. (AC +2) [Jiyva's grace]
 25419 | Vaults:3 | Gained mutation: Your mind is acute. (Int +2) [Jiyva's grace]
 25428 | Vaults:3 | Lost mutation: You have acidic saliva. [Jiyva's grace]
 25443 | Vaults:3 | Reached skill level 15 in Armour
 25492 | Vaults:3 | Lost mutation: Your mind is acute. (Int +2) [Jiyva's grace]
 25503 | Vaults:3 | Found Bidiv's Assorted Antiques.
 25631 | Vaults:3 | Reached skill level 20 in Fighting
 25638 | Vaults:3 | Lost mutation: You have a small jelly attached to you that may absorb incoming projectiles. [Jiyva's grace]
 25727 | Vaults:3 | Noticed a lich
 25738 | Vaults:3 | Killed a lich
 25859 | Vaults:3 | Noticed a tentacled monstrosity
 25867 | Vaults:3 | Killed a tentacled monstrosity
 25890 | Vaults:3 | Identified the Collected Works on Air and Envenoming
 26051 | Vaults:3 | Lost mutation: You are partially covered in iridescent scales. (AC +2) [Jiyva's grace]
 26093 | Vaults:4 | Reached XP level 20. HP: 138/178 MP: 23/23
 26109 | Vaults:4 | Reached skill level 21 in Fighting
 26400 | Vaults:4 | Gained mutation: You have a small jelly attached to you that senses nearby items. [Jiyva's grace]
 26429 | Vaults:4 | Lost mutation: Your magical capacity is low. (-10% MP) [Jiyva's grace]
 26438 | Vaults:4 | Lost mutation: Your translucent skin slightly reduces your foes' accuracy. (Stealth) [Jiyva's grace]
 26497 | Vaults:4 | Noticed a Tzitzimitl
 26499 | Vaults:4 | Lost mutation: You are covered in slimy tendrils that may disarm your opponents. [Jiyva's grace]
 26506 | Vaults:4 | Found Mamneure's Food Boutique.
 26527 | Vaults:4 | Gained mutation: Your translucent skin slightly reduces your foes' accuracy. (Stealth) [Jiyva's grace]
 26866 | Vaults:4 | Lost mutation: You are partially covered in molten scales. (AC +2) [Jiyva's grace]
 27129 | Vaults:4 | Reached skill level 22 in Fighting
 27168 | Vaults:4 | Gained mutation: You possess an exceptional clarity of mind. [Jiyva's grace]
 27188 | Vaults:4 | Got a pair of scorched boots
 27199 | Vaults:4 | Identified the cursed +0 pair of boots "Iranel" {+Fly MR+ Dex+4 Slay+5} (You found it on level 4 of the Vaults)
 27346 | Vaults:4 | Gained mutation: You have a small jelly attached to you that may absorb incoming projectiles. [Jiyva's grace]
 27351 | Vaults:4 | Gained mutation: Your translucent skin reduces your foes' accuracy. (Stealth) [Jiyva's grace]
 27355 | Vaults:4 | Gained mutation: You have acidic saliva. [Jiyva's grace]
 27455 | Vaults:3 | Lost mutation: You possess an exceptional clarity of mind. [Jiyva's grace]
 27777 | Shoals:1 | Entered Level 1 of the Shoals
 27965 | Shoals:1 | Found a hide-covered altar of Uskayaw.
 28014 | Shoals:1 | Gained mutation: You are clumsy. (Dex -2) [Jiyva's grace]
 28151 | Shoals:1 | Reached XP level 21. HP: 151/189 MP: 26/26
 28214 | Shoals:1 | Gained mutation: You have an increased reservoir of magic. (+10% MP) [Jiyva's grace]
 28230 | Shoals:1 | Lost mutation: You are clumsy. (Dex -2) [Jiyva's grace]
 28268 | Shoals:1 | Gained mutation: You have large cloven feet. [Jiyva's grace]
 28568 | Shoals:2 | Reached skill level 10 in Shields
 28712 | Shoals:2 | Lost mutation: You have large cloven feet. [Jiyva's grace]
 28813 | Shoals:2 | Lost mutation: You have an increased reservoir of magic. (+10% MP) [Jiyva's grace]
 28871 | Shoals:2 | Cast into level 2 of the Abyss (merfolk impaler)
 29078 | Shoals:2 | Escaped the Abyss
 29444 | Shoals:3 | Noticed Ilsuiw
 29446 | Shoals:3 | Found Dugonwaesh's Food Boutique.
 29475 | Shoals:3 | Killed Ilsuiw
 29532 | Shoals:3 | Gained mutation: You are agile. (Dex +2) [Jiyva's grace]
 29561 | Shoals:3 | Lost mutation: You are agile. (Dex +2) [Jiyva's grace]
 29580 | Shoals:3 | Identified the Almanac of Assistive Flames
 29605 | Shoals:3 | Gained mutation: You passively map a small area around you. [Jiyva's grace]
 29609 | Shoals:3 | Gained mutation: You are somewhat resistant to further mutation. [Jiyva's grace]
 29616 | Shoals:3 | Found Erpha Tor's Armour Boutique.
 29641 | Shoals:3 | Lost mutation: You have a small jelly attached to you that may absorb incoming projectiles. [Jiyva's grace]
 29675 | Shoals:3 | Found a gateway to a bazaar.
 29974 | Shoals:4 | Entered Level 4 of the Shoals
 30347 | Shoals:4 | Gained mutation: You have a small jelly attached to you that may absorb incoming projectiles. [Jiyva's grace]
 30373 | Shoals:4 | Gained mutation: Your muscles are strong. (Str +2) [Jiyva's grace]
 30459 | Shoals:4 | Lost mutation: You have a small jelly attached to you that senses nearby items. [Jiyva's grace]
 30601 | Shoals:3 | Found Lischieq's Jewellery Boutique.
 30967 | Shoals:4 | Lost mutation: Armour fits poorly on your massive pseudopods. [Jiyva's grace]
 30973 | Shoals:4 | Got a barnacled rune of Zot
 31028 | Shoals:4 | Lost mutation: Armour fits poorly on your large pseudopods. [Jiyva's grace]
 31069 | Shoals:4 | Reached XP level 22. HP: 192/196 MP: 27/27
 31219 | Shoals:4 | Lost mutation: Armour fits poorly on your pseudopods. [Jiyva's grace]
 31576 | Elf:1    | Entered Level 1 of the Elven Halls
 32094 | Elf:1    | Lost mutation: You have a small jelly attached to you that may absorb incoming projectiles. [Jiyva's grace]
 32133 | Elf:1    | Lost mutation: You are somewhat resistant to further mutation. [Jiyva's grace]
 32138 | Elf:1    | Lost mutation: Your muscles are strong. (Str +2) [Jiyva's grace]
 32145 | Elf:1    | Lost mutation: Your body has grown golden eyes which may confuse attackers. (Acc +3) [Jiyva's grace]
 32636 | Elf:2    | Found a ruined gateway.
 32866 | Desolati | Entered the Desolation of Salt
 32893 | Desolati | Reached skill level 15 in Shields
 32941 | Desolati | Got a pitted battleaxe
 32949 | Desolati | Identified the cursed +2 battleaxe of Circular Logic {vamp, Str+3} (You found it in the Desolation of Salt)
 32972 | Desolati | Gained mutation: You have a small jelly attached to you that senses nearby items. [Jiyva's grace]
 33156 | Desolati | Identified the Papyrus of Doomed Poisoning
 33277 | Desolati | Lost mutation: You passively map a small area around you. [Jiyva's grace]
 33413 | Desolati | Got a shimmering copper ring
 33415 | Desolati | Got a twitching granite ring
 33499 | Desolati | Lost mutation: You have acidic saliva. [Jiyva's grace]
 33634 | Elf:2    | Identified the ring of Seece {Ice Stlth+} (You found it in the Desolation of Salt)
 33635 | Elf:2    | Identified the ring "Sauzom" {rElec MP+9 Str+7} (You found it in the Desolation of Salt)
 33826 | Elf:2    | Gained mutation: Your muscles are strong. (Str +2) [Jiyva's grace]
 33879 | Elf:2    | Gained mutation: You passively map a small area around you. [Jiyva's grace]
 33886 | Elf:2    | Found a huge runed gate.
 33886 | Elf:2    | Found a huge runed gate.
 33897 | Elf:2    | Found a huge runed gate.
 33999 | Elf:2    | Lost mutation: Your muscles are strong. (Str +2) [Jiyva's grace]
 34132 | Elf:3    | Entered Level 3 of the Elven Halls
 34214 | Elf:3    | Noticed Nikola
 34228 | Elf:3    | Killed Nikola
 34228 | Elf:3    | Reached XP level 23. HP: 113/203 MP: 29/29
 34383 | Elf:3    | Lost mutation: You passively map a small area around you. [Jiyva's grace]
 34713 | Elf:3    | Gained mutation: You are somewhat resistant to further mutation. [Jiyva's grace]
 34801 | Elf:3    | Lost mutation: You are somewhat resistant to further mutation. [Jiyva's grace]
 34863 | Elf:3    | Got a clouded bone ring
 35121 | Elf:3    | Gained mutation: Your transparent skin significantly reduces your foes' accuracy. (Stealth) [Jiyva's grace]
 35150 | Elf:3    | Identified the +9 battleaxe of Articulation {chop, *Contam rC+ Int+6} (You took it off a deep elf demonologist on level 3 of the Elven Halls)
 35280 | Elf:3    | Got a brightly glowing pewter amulet
 35295 | Elf:3    | Got a crude golden ring
 35295 | Elf:3    | Lost mutation: Your transparent skin significantly reduces your foes' accuracy. (Stealth) [Jiyva's grace]
 35301 | Elf:3    | Identified the amulet of Rupsa {MR+ Regen+ Int-3 Stlth+} (You took it off a deep elf sorcerer on level 3 of the Elven Halls)
 35302 | Elf:3    | Identified the ring "Jynweu Yqys" {*Drain +Inv rC+ rN+ EV+5} (You took it off a deep elf mage on level 3 of the Elven Halls)
 35573 | Elf:3    | Lost mutation: You have a small jelly attached to you that senses nearby items. [Jiyva's grace]
 35580 | Elf:3    | Identified Sif Muna's Volume of Combat Magic and Snow
 35582 | Elf:3    | Gained mutation: Your transparent skin significantly reduces your foes' accuracy. (Stealth) [Jiyva's grace]
 35621 | Elf:3    | Identified Meojinaq's Papyrus of Hurtful Envenoming
 35873 | Elf:3    | Identified the ring "Reff" {rElec rPois Str-2 Int+4 Dex+7} (You took it off a deep elf master archer on level 3 of the Elven Halls)
 36145 | Bazaar   | Entered a bazaar
 36145 | Bazaar   | Found Naimy's Gadget Shop.
 36152 | Bazaar   | Found Guobruit's Assorted Antiques.
 36173 | Bazaar   | Found Jus Muph's Food Emporium.
 36174 | Bazaar   | Found Gasuaral's Food Shop.
 36227 | Bazaar   | Bought a fine silver ring for 105 gold pieces
 36589 | Bazaar   | Entered a bazaar
 36591 | Bazaar   | Found Mewnom's Armour Boutique.
 36595 | Bazaar   | Bought the cursed -5 robe of Misfortune {-Cast *Contam *Tele *Drain EV-5 Stlth-- *Curse} for 1 gold piece
 36595 | Bazaar   | Found the cursed -5 robe of Misfortune {-Cast *Contam *Tele *Drain EV-5 Stlth-- *Curse}
 36596 | Bazaar   | Found Puqustrapp's Armour Boutique.
 36596 | Bazaar   | Found Xuphi's Antique Armour Boutique.
 36597 | Bazaar   | Found Waje's Assorted Antiques.
 36625 | Bazaar   | Bought a scroll of magic mapping for 91 gold pieces
 36635 | Bazaar   | Bought crude ice dragon scales for 1105 gold pieces
 36635 | Bazaar   | Bought a large shield for 76 gold pieces
 36660 | Bazaar   | Identified the cursed +1 ice dragon scales "Rink" {+Fly rF- rC++ rCorr Dex+2} (You bought it in a shop in a bazaar)
 36726 | Shoals:2 | Lost mutation: Your transparent skin significantly reduces your foes' accuracy. (Stealth) [Jiyva's grace]
 36920 | D:9      | Identified the ring "Fischak Amomn" {rPois rC+} (You bought it in a shop in a bazaar)
 37159 | Crypt:1  | Entered Level 1 of the Crypt
 37293 | Crypt:1  | Noticed Aizul
 37304 | Crypt:1  | Killed Aizul
 37333 | Crypt:1  | Noticed Bai Suzhen
 37341 | Crypt:1  | Killed Bai Suzhen
 37378 | Crypt:1  | Gained mutation: Your magical capacity is low. (-10% MP) [Jiyva's grace]
 37639 | Crypt:1  | Found a runed door.
 37801 | Crypt:1  | Gained mutation: You occasionally shout uncontrollably at your foes. [Jiyva's grace]
 37846 | Crypt:1  | Noticed Jorund's ghost (veteran FoFi)
 38312 | Crypt:2  | Reached XP level 24. HP: 181/211 MP: 26/26
 38559 | Crypt:3  | Entered Level 3 of the Crypt
 39092 | Crypt:3  | Found a staircase to the Tomb.
 39241 | Crypt:3  | Lost mutation: You occasionally shout uncontrollably at your foes. [Jiyva's grace]
 39361 | Crypt:3  | Found a basalt altar of Yredelemnul.
 39588 | Crypt:3  | Got an iridescent battleaxe {drain}
 39648 | Crypt:3  | Lost mutation: Your translucent skin reduces your foes' accuracy. (Stealth) [Jiyva's grace]
 39803 | Vaults:3 | Gained mutation: You are resistant to hostile enchantments. (MR+) [Jiyva's grace]
 39839 | Crypt:3  | Gained mutation: Your muscles are strong. (Str +2) [Jiyva's grace]
 39924 | Crypt:3  | Identified Dispater's Volume of Clay
 39927 | Crypt:3  | Got a twisted battleaxe
 40006 | Crypt:2  | Gained mutation: You are partially covered in molten scales. (AC +2) [Jiyva's grace]
 40010 | Crypt:2  | Identified the +8 battleaxe of Valour {drain, MR+} (You took it off a skeletal warrior on level 3 of the Crypt)
 40012 | Crypt:2  | Identified the +1 battleaxe of Absolution {flame, Dex+6} (You found it on level 3 of the Crypt)
 40238 | Depths:1 | Entered Level 1 of the Depths
 40238 | Depths:1 | Found a one-way gate leading to the halls of Pandemonium.
 40246 | Depths:1 | Found a gateway to Hell.
 40527 | Depths:1 | Lost mutation: You are resistant to hostile enchantments. (MR+) [Jiyva's grace]
 40565 | Depths:1 | Gained mutation: Your translucent skin reduces your foes' accuracy. (Stealth) [Jiyva's grace]
 40766 | Depths:1 | Gained mutation: Your rubbery body absorbs attacks. (AC +1, EV +1) [Jiyva's grace]
 40835 | Depths:1 | Noticed Asterion
 40840 | Depths:1 | Killed Asterion
 41082 | Depths:1 | Gained mutation: You have a small jelly attached to you that may absorb incoming projectiles. [Jiyva's grace]
 41237 | Depths:2 | Reached skill level 23 in Fighting
 41237 | Depths:2 | Reached XP level 25. HP: 192/219 MP: 26/26
 41303 | Depths:2 | Found a runed door.
 41576 | Depths:2 | Gained mutation: Your flesh is cold resistant. (rC+) [Jiyva's grace]
 41579 | Depths:2 | Found a one-way gate to the infinite horrors of the Abyss.
 41620 | Depths:2 | Noticed a caustic shrike
 41621 | Depths:2 | Found a shattered altar of Ashenzari.
 41627 | Depths:2 | Killed a caustic shrike
 41641 | Depths:2 | Identified the Tome of Fire
 41725 | Depths:2 | Lost mutation: Your muscles are strong. (Str +2) [Jiyva's grace]
 41924 | Depths:2 | Found a runed door.
 41942 | Depths:2 | Noticed a caustic shrike
 41951 | Depths:2 | Killed a caustic shrike
 42014 | Depths:2 | Lost mutation: You are partially covered in molten scales. (AC +2) [Jiyva's grace]
 42018 | Depths:2 | Gained mutation: You have a small jelly attached to you that senses nearby items. [Jiyva's grace]
 42019 | Depths:2 | Gained mutation: You possess an exceptional clarity of mind. [Jiyva's grace]
 42035 | Depths:2 | Got a pair of faintly humming boots
 42046 | Depths:2 | Identified the +2 pair of boots "Porhucass" {+Blink rCorr SInv} (You found it on level 2 of the Depths)
 42202 | Depths:3 | Lost mutation: Your magical capacity is low. (-10% MP) [Jiyva's grace]
 42263 | Depths:3 | Lost mutation: You possess an exceptional clarity of mind. [Jiyva's grace]
 42439 | Depths:3 | Lost mutation: Your flesh is cold resistant. (rC+) [Jiyva's grace]
 42467 | Depths:3 | Gained mutation: You are partially covered in yellow scales. (AC +2) [Jiyva's grace]
 42644 | Depths:3 | Reached skill level 24 in Fighting
 42646 | Depths:3 | Got a steaming pewter amulet
 42675 | Depths:3 | Identified the amulet "Idoagodd" {+Rage rC+ Slay+2} (You took it off a tengu reaver on level 3 of the Depths)
 42686 | Depths:3 | Got a fine amber ring
 42693 | Depths:3 | Got a smoking glass ring
 42724 | Depths:3 | Lost mutation: You have a small jelly attached to you that may absorb incoming projectiles. [Jiyva's grace]
 42735 | Depths:3 | Identified the ring of Law {rPois Int+4 Dex+5} (You found it on level 3 of the Depths)
 42745 | Depths:3 | Found a runed door.
 42745 | Depths:3 | Found a runed door.
 42795 | Depths:3 | Found a gateway to a ziggurat.
 42881 | Depths:3 | Gained mutation: Your magical capacity is low. (-10% MP) [Jiyva's grace]
 43079 | Depths:3 | Reached XP level 26. HP: 199/229 MP: 26/26
 43081 | Depths:3 | Gained mutation: Armour fits poorly on your strangely shaped body. [a neqoxec]
 43083 | Depths:3 | Gained mutation: You are dopey. (Int -2) [a neqoxec]
 43214 | Depths:3 | Identified the ring "Fuafipt" {MP+9 Int+2 Dex+4} (You found it on level 3 of the Depths)
 43228 | Depths:3 | Gained mutation: You are resistant to hostile enchantments. (MR+) [Jiyva's grace]
 43372 | Depths:4 | Gained mutation: You are covered in slimy tendrils that may disarm your opponents. [Jiyva's grace]
 43432 | Depths:4 | Gained mutation: You have acidic saliva. [Jiyva's grace]
 43557 | Depths:4 | Gained mutation: Your movements are slightly less encumbered by armour. (ER -2) [Jiyva's grace]
 43597 | Depths:4 | Lost mutation: Armour fits poorly on your strangely shaped body. [Jiyva's power]
 44153 | Depths:4 | Identified the ring of Trepidation {*Contam rElec rPois rC++ MP+9} (You found it on level 3 of the Depths)
 44390 | Depths:5 | Entered Level 5 of the Depths
 44390 | Depths:5 | Found Nub Udyl's Jewellery Shoppe.
 44505 | Depths:5 | Noticed a juggernaut
 44513 | Depths:5 | Killed a juggernaut
 44677 | Depths:5 | Gained mutation: You have sharp fingernails. [Jiyva's grace]
 44709 | Depths:5 | Gained mutation: You have a small jelly attached to you that may absorb incoming projectiles. [Jiyva's grace]
 44717 | Depths:5 | Gained mutation: Your pliable body absorbs attacks. (AC +2, EV +2) [Jiyva's grace]
 44870 | Depths:5 | Reached skill level 25 in Fighting
 45019 | Depths:5 | Lost mutation: Your magical capacity is low. (-10% MP) [Jiyva's grace]
 45032 | Depths:5 | Found a gate to the Realm of Zot.
 45059 | Depths:5 | Reached XP level 27. HP: 204/240 MP: 29/29
 45169 | Depths:5 | Lost mutation: You have acidic saliva. [Jiyva's grace]
 45735 | Spider:1 | Entered Level 1 of the Spider Nest
 46808 | Spider:2 | Gained mutation: Your gelatinous body deflects attacks. (AC +3, EV +3) [Jiyva's grace]
 46977 | Spider:2 | Gained mutation: You are somewhat resistant to further mutation. [Jiyva's grace]
 47108 | Spider:2 | Gained mutation: Your spells are a little harder to cast, but a little more powerful. [Jiyva's grace]
 47496 | Spider:3 | Gained mutation: Your flesh is heat resistant. (rF+) [Jiyva's grace]
 48008 | Spider:4 | Entered Level 4 of the Spider Nest
 48309 | Spider:4 | Lost mutation: You are resistant to hostile enchantments. (MR+) [Jiyva's grace]
 48335 | Spider:4 | Gained mutation: Your body has grown golden eyes which may confuse attackers. (Acc +3) [Jiyva's grace]
 48356 | Spider:4 | Gained mutation: You have sharp toenails. [Jiyva's grace]
 48372 | Spider:4 | Got a gossamer rune of Zot
 48381 | Spider:4 | Lost mutation: You are dopey. (Int -2) [Jiyva's grace]
 49044 | Vaults:5 | Entered Level 5 of the Vaults
 49049 | Vaults:5 | Reached skill level 26 in Fighting
 49081 | Vaults:5 | Lost mutation: Your movements are slightly less encumbered by armour. (ER -2) [Jiyva's grace]
 49187 | Vaults:5 | Found the +7 captain's cutlass {speed, disarm}
 49205 | Vaults:5 | Got a slimy chain mail
 49326 | Vaults:5 | Lost mutation: Your flesh is heat resistant. (rF+) [Jiyva's grace]
 49352 | Vaults:5 | Lost mutation: You have sharp toenails. [Jiyva's grace]
 49424 | Vaults:5 | Lost mutation: Your spells are a little harder to cast, but a little more powerful. [Jiyva's grace]
 49435 | Vaults:5 | Lost mutation: You are somewhat resistant to further mutation. [Jiyva's grace]
 49442 | Vaults:5 | Lost mutation: You have sharp fingernails. [Jiyva's grace]
 49446 | Vaults:5 | Reached skill level 1 in Dodging
 49446 | Vaults:5 | Gained mutation: You have sharp fingernails. [Jiyva's grace]
 49451 | Vaults:5 | Gained mutation: Your mind is acute. (Int +2) [Jiyva's grace]
 49463 | Vaults:5 | Gained mutation: You are agile. (Dex +2) [Jiyva's grace]
 49485 | Vaults:5 | Lost mutation: You have a small jelly attached to you that may absorb incoming projectiles. [Jiyva's grace]
 49510 | Vaults:5 | Gained mutation: You have a small jelly attached to you that may absorb incoming projectiles. [Jiyva's grace]
 49533 | Vaults:5 | Lost mutation: You are agile. (Dex +2) [Jiyva's grace]
 49562 | Vaults:5 | Gained mutation: Your spells are a little harder to cast, but a little more powerful. [Jiyva's grace]
 49588 | Vaults:5 | Reached skill level 27 in Fighting
 49598 | Vaults:5 | Lost mutation: You have a small jelly attached to you that senses nearby items. [Jiyva's grace]
 49603 | Vaults:5 | Lost mutation: Your spells are a little harder to cast, but a little more powerful. [Jiyva's grace]
 49609 | Vaults:5 | Gained mutation: Your mind is very acute. (Int +4) [Jiyva's grace]
 49612 | Vaults:5 | Gained mutation: You are surrounded by a mild repulsion field. (EV +2) [Jiyva's grace]
 49613 | Vaults:5 | Got a silver rune of Zot
 49720 | Vaults:5 | Gained mutation: Your transparent skin significantly reduces your foes' accuracy. (Stealth) [Jiyva's grace]
 49820 | Vaults:5 | Reached skill level 5 in Dodging
 50063 | Vaults:5 | Gained mutation: You have very sharp teeth. [Jiyva's grace]
 50608 | Depths:4 | Lost mutation: Your transparent skin significantly reduces your foes' accuracy. (Stealth) [Jiyva's grace]
 50656 | Zot:1    | Entered Level 1 of the Realm of Zot
 50804 | Zot:1    | Identified the +3 chain mail "Temauqy" {rCorr} (You found it on level 5 of the Vaults)
 50834 | Zot:1    | Gained mutation: You are partially covered in iridescent scales. (AC +2) [Jiyva's grace]
 50849 | Zot:1    | Lost mutation: Your gelatinous body deflects attacks. (AC +3, EV +3) [Jiyva's grace]
 51159 | Zot:2    | Found a hide-covered altar of Uskayaw.
 51185 | Zot:2    | Found a large runed door.
 51185 | Zot:2    | Found a large runed door.
 51434 | Zot:2    | Noticed Plog's ghost (veteran DDFi)
 51453 | Zot:2    | Lost mutation: You are partially covered in iridescent scales. (AC +2) [Jiyva's grace]
 51520 | Zot:2    | Gained mutation: You are resistant to hostile enchantments. (MR+) [Jiyva's grace]
 51535 | Zot:2    | Gained mutation: Your transparent skin significantly reduces your foes' accuracy. (Stealth) [Jiyva's grace]
 51871 | Zot:3    | Reached skill level 10 in Evocations
 52244 | Zot:4    | Noticed an orb of fire
 52258 | Zot:4    | Gained mutation: Your magical capacity is low. (-10% MP) [an orb of fire]
 52259 | Zot:4    | Killed an orb of fire
 52635 | Zot:4    | Gained mutation: Your muscles are strong. (Str +2) [Jiyva's grace]
 52722 | Zot:5    | Entered Level 5 of the Realm of Zot
 52804 | Zot:5    | Reached skill level 10 in Dodging
 53192 | D:14     | You paid a toll of +4 shadow dragon scales to enter a treasure trove
 53193 | Trove    | Entered a treasure trove
 53206 | Trove    | Got a smoking copper ring
 53221 | Trove    | Got a brightly glowing zirconium amulet
 53223 | Trove    | Got a brightly glowing scale mail
 53239 | Trove    | Identified the +1 scale mail of the Devil {Str+6} (You found it in a treasure trove)
 53271 | Trove    | Identified the ring "Yse Evaj" {+Blink MR- Dex+3 SInv Stlth+} (You found it in a treasure trove)
 53272 | Trove    | Identified the amulet of Tempters {Harm *Drain Str+2 Dex+4 Stlth+} (You found it in a treasure trove)
 53274 | Trove    | Lost mutation: Your magical capacity is low. (-10% MP) [Jiyva's grace]
 53509 | Zot:5    | Noticed an orb of fire
 53515 | Zot:5    | Gained mutation: You are clumsy. (Dex -2) [an orb of fire]
 53517 | Zot:5    | Gained mutation: Armour fits poorly on your strangely shaped body. [an orb of fire]
 53521 | Zot:5    | Gained mutation: Scrolls take you a little longer to read. [an orb of fire]
 53526 | Zot:5    | Killed an orb of fire
 53828 | Zot:5    | Noticed an ancient lich
 53834 | Zot:5    | Killed an ancient lich
 53857 | Zot:5    | Noticed an ancient lich
 53867 | Zot:5    | Killed an ancient lich
 53905 | Zot:5    | Noticed an ancient lich
 53928 | Zot:5    | Killed an ancient lich
 53933 | Zot:5    | Noticed an orb of fire
 53935 | Zot:5    | Lost mutation: Your mind is very acute. (Int +4) [an orb of fire]
 53937 | Zot:5    | Gained mutation: Scrolls take you longer to read. [an orb of fire]
 53942 | Zot:5    | Gained mutation: You are frail. (-10% HP) [an orb of fire]
 53947 | Zot:5    | Killed an orb of fire
 54295 | Zot:5    | Lost mutation: You are clumsy. (Dex -2) [Jiyva's power]
 54296 | Zot:5    | Lost mutation: Armour fits poorly on your strangely shaped body. [Jiyva's power]
 54297 | Zot:5    | Lost mutation: Scrolls take you longer to read. [Jiyva's power]
 54298 | Zot:5    | Lost mutation: You are frail. (-10% HP) [Jiyva's power]
 54299 | Zot:5    | Lost mutation: Scrolls take you a little longer to read. [Jiyva's power]
 54466 | Zot:5    | Noticed an orb of fire
 54482 | Zot:5    | Killed an orb of fire
 54483 | Zot:5    | HP: 12/249 [tentacled monstrosity (12)]
 54492 | Zot:5    | HP: 10/249 [Orb Guardian (13)]
 54503 | Zot:5    | Lost mutation: Your muscles are strong. (Str +2) [Jiyva's grace]
 54822 | Zot:5    | Gained mutation: You are agile. (Dex +2) [Jiyva's grace]
 54918 | Zot:5    | Got the Orb of Zot
 54931 | Zot:5    | Lost mutation: Your transparent skin significantly reduces your foes' accuracy. (Stealth) [Jiyva's grace]
 55294 | D:12     | Noticed Meib Hang the pandemonium lord
 55305 | D:12     | Killed Meib Hang the pandemonium lord
 55382 | D:6      | Found a burning altar of Makhleb.
 55382 | D:6      | Found a sparkling altar of Nemelex Xobeh.
 55484 | D:$      | Escaped with the Orb!

Skill      XL: |  1  2  3  4  5  6  7  8  9 10 11 12 13 14 15 16 17 18 19 20 21 22 23 24 25 26 27 |
---------------+----------------------------------------------------------------------------------+-----
Axes           | 3 4 5 7 9 11 12 14 16 17 18 20 21 22 23 24 25 26 | 26.3
Fighting       | 4 5 6 8 9 10 12 13 16 18 20 22 23 24 25 27 | 27.0
Armour         | 4 5 6 7 8 9 10 11 13 14 15 16 17 18 19 23 | 23.6
Shields        | 4 5 6 7 9 13 16 17 18 | 18.6
Evocations     | 7 8 14 | 14.4
Dodging        | 10 | 10.9

Action                   |  1- 3 |  4- 6 |  7- 9 | 10-12 | 13-15 | 16-18 | 19-21 | 22-24 | 25-27 || total
-------------------------+-------+-------+-------+-------+-------+-------+-------+-------+-------++-------
Melee: War axe           |    82 |   152 |   172 |   571 |   853 |   224 |       |       |       ||  2054
       Battleaxe         |       |       |       |       |       |   782 |   918 |  1258 |  1970 ||  4928
       Pseudopods        |       |       |       |       |       |   100 |   267 |     8 |       ||   375
       Bite              |       |       |       |       |       |    47 |    94 |    51 |   189 ||   381
Throw: Throwing net      |       |       |       |     2 |       |       |       |       |       ||     2
Invok: Request Jelly     |       |       |       |       |     1 |       |       |       |     1 ||     2
       Cure Bad Mutation |       |       |       |       |       |       |       |       |     6 ||     6
 Abil: Evoke Flight      |       |       |       |       |       |       |       |     2 |       ||     2
Evoke: Wand              |       |       |       |       |     8 |     1 |     2 |     6 |     9 ||    26
       Lamp of fire      |       |       |       |       |       |       |       |       |     2 ||     2
  Use: Potion            |       |     1 |    10 |     3 |     2 |     2 |    15 |     3 |    10 ||    46
       Scroll            |       |     7 |     1 |    16 |     4 |     7 |     1 |    12 |    14 ||    62
 Stab: Invisible         |       |       |     4 |       |       |       |       |       |       ||     4
       Confused          |       |       |       |       |     1 |     4 |     7 |       |     1 ||    13
       Distracted        |       |       |       |       |       |       |     1 |       |     2 ||     3
  Eat: Chunk             |       |     7 |     7 |    19 |     9 |       |       |       |       ||    42
       Ration            |       |       |       |     1 |     2 |       |       |       |       ||     3
Armor: Scale mail        |    39 |    85 |    66 |    52 |       |       |       |       |       ||   242
       Skin              |       |       |    17 |       |       |       |       |       |       ||    17
       Chain mail        |       |       |       |   167 |    21 |       |       |       |       ||   188
       Plate armour      |       |       |       |       |   250 |   216 |   353 |   257 |   362 ||  1438
Dodge: Dodged            |    78 |    89 |    96 |   176 |   259 |   152 |   200 |   166 |   565 ||  1781
Block: Buckler           |       |       |       |   181 |    21 |       |       |       |       ||   202
       Shield            |       |       |       |       |   454 |   684 |   779 |   377 |       ||  2294
       Reflection        |       |       |       |       |       |    57 |    94 |    60 |    73 ||   284
       Large shield      |       |       |       |       |       |       |       |   621 |  1990 ||  2611
